 Dungeon Sprint DCSS version 0.32-a0-868-g153ae1a8d6 (webtiles) character file.

Game seed: 14947555476198809720

1820 Griffin23 the Carver (level 8, -9/82 HPs)
             Began as a Minotaur Fighter on Mar 28, 2024.
             Was an Initiate of Okawaru.
             Killed from afar by an oklob plant (25 damage)
             ... with a splash of acid
             ... in the Dungeon (Sprint I: "Red Sonja").
             The game lasted 00:02:28 (1049 turns).

Griffin23 the Carver (Minotaur Fighter)             Turns: 1049, Time: 00:02:28

Health: -9/82      AC:  5    Str: 24    XL:     8   Next: 85%
Magic:  7/7        EV:  9    Int:  5    God:    Okawaru [......]
Gold:   417        SH:  6    Dex:  9    Spells: 7/7 levels left

rFire   . . .        a - +0 long sword
rCold   . . .        c - +0 buckler
rNeg    . . .        b - +0 scale mail
rPois   .            (helmet restricted)
rElec   .            (no cloak)
rCorr   .            (no gloves)
SInv    .            (no boots)
Will    .....        (no amulet) Stlth
                     (no ring)
HPRegen 0.33/turn    (no ring)
MPRegen 0.10/turn

%: no teleportation
@: corroded
A: horns 2, retaliatory headbutt
a: Renounce Religion


You were in the Dungeon.
You worshipped Okawaru.
Okawaru was noncommittal.
You visited 1 branch You collected 417 gold pieces.

Inventory:

Hand Weapons
 a - a +0 long sword (weapon)
Armour
 b - a +0 scale mail (worn)
 c - a +0 buckler (worn)
Wands
 k - a wand of warping (13)
Scrolls
 j - a scroll of blinking
Potions
 d - a potion of might
 f - a potion of resistance {unknown}
 g - a potion of haste
 h - 2 potions of magic


   Skills:
 + Level 11.4 Fighting
 * Level 14.6 Long Blades
 + Level 11.6 Armour
 - Level 0.1 Dodging
 + Level 11.5 Shields


You had 7 spell levels left.
You didn't know any spells.
Your spell library was empty.

Dungeon Overview and Level Annotations

Branches:
Dungeon (1/1)

Altars:
Cheibriados
Dithmenos
Elyvilon
Fedhas
Gozag
Hepliaklqana
Kikubaaqudgha
Nemelex Xobeh
Okawaru
Qazlal
Ru
Sif Muna
Trog
Uskayaw
Vehumet
Wu Jian
Yredelemnul
Zin
The Shining One

Shops:
D =

Annotations:
D exclusion: oklob plant


Innate Abilities, Weirdness & Mutations

You have a pair of horns on your head.
You reflexively headbutt those who attack you in melee.


Message History

The hornet is almost dead.
The hornet stings you.
You feel as though you will be slow longer.
The hornet closely misses you.
You slash the hornet!
You kill the hornet!
Okawaru accepts your kill.
Unknown command.
You now have 336 gold pieces (gained 27).
You now have 363 gold pieces (gained 27).
You feel yourself speed up.
You now have 390 gold pieces (gained 27).
You now have 417 gold pieces (gained 27).
You start resting.
HP restored.
You open the door.
An oklob plant comes into view.
Marking area around an oklob plant as unsafe for travelling.
There is an open door here.
You hit the oklob plant but do no damage.
You hit the oklob plant but do no damage.
You headbutt the oklob plant.
The oklob plant is lightly damaged.
The oklob plant spits acid at you. The splash of acid hits you!!
The acid corrodes you!
You hit the oklob plant but do no damage.
The oklob plant is lightly damaged.
The oklob plant spits acid at you. The splash of acid hits you!!
You hit the oklob plant but do no damage.
You headbutt the oklob plant, but do no damage.
The oklob plant is lightly damaged.
The oklob plant spits acid at you. The splash of acid hits you!!
* * * LOW HITPOINT WARNING * * *
Okay, then.
You feel better. The oklob plant spits acid at you.
The splash of acid hits you!!
You die...

##########
').#..'..#
#..)..#..+
##'#####'# ####
#..#...#.####§§####
####..##)#~§~§§#..#
___##'#_.)~§~§§'§.#
∩...'..._#~~§§.#@.#
.__##_.#+##+#####'#
___###+# #P+ ####
###


You could see an oklob plant.

Vanquished Creatures
  2 centaur warriors (D)
  A hornet (D)
  A yak (D)
  Sigmund (D)
  An ogre (D)
  A jelly (D)
  Ijyb (D)
8 creatures vanquished.

Notes
Turn   | Place    | Note
-------+----------+-------------------------------------------
     0 | D        | Griffin23 the Minotaur Fighter began the quest for the Orb.
     0 | D        | Reached XP level 1. HP: 19/19 MP: 0/0
     1 | D        | Noticed Ijyb
    14 | D        | Killed Ijyb
    15 | D        | Reached skill level 5 in Fighting
    15 | D        | Reached skill level 3 in Long Blades
    15 | D        | Reached skill level 5 in Armour
    15 | D        | Reached skill level 5 in Shields
    15 | D        | Reached XP level 2. HP: 20/29 MP: 1/1
    55 | D        | Noticed an ogre
    62 | D        | Killed an ogre
    63 | D        | Reached skill level 6 in Long Blades
    63 | D        | Reached XP level 3. HP: 30/38 MP: 2/2
    63 | D        | Reached XP level 4. HP: 35/45 MP: 3/3
   108 | D        | Noticed Sigmund
   130 | D        | Killed Sigmund
   131 | D        | Reached skill level 8 in Long Blades
   131 | D        | Reached XP level 5. HP: 10/53 MP: 4/4
   312 | D        | Found an ornate altar of the Wu Jian Council.
   312 | D        | Found a shimmering blue altar of Sif Muna.
   314 | D        | Found a radiant altar of Vehumet.
   318 | D        | Reached skill level 9 in Long Blades
   318 | D        | Reached XP level 6. HP: 59/61 MP: 5/5
   330 | D        | Noticed a centaur warrior
   330 | D        | Noticed a centaur warrior
   343 | D        | Killed a centaur warrior
   344 | D        | Reached skill level 10 in Fighting
   344 | D        | Reached skill level 12 in Long Blades
   344 | D        | Reached skill level 10 in Armour
   344 | D        | Reached skill level 10 in Shields
   344 | D        | Reached XP level 7. HP: 13/72 MP: 6/6
   348 | D        | Killed a centaur warrior
   349 | D        | Reached skill level 13 in Long Blades
   349 | D        | Reached XP level 8. HP: 8/82 MP: 7/7
   789 | D        | Found Suossosh's Jewellery Emporium.
   789 | D        | Found an ancient bone altar of Kikubaaqudgha.
   789 | D        | Found a hazy altar of Hepliaklqana.
   789 | D        | Found a hide-covered altar of Uskayaw.
   789 | D        | Found a basalt altar of Yredelemnul.
   789 | D        | Found an opulent altar of Gozag.
   789 | D        | Found a snail-covered altar of Cheibriados.
   789 | D        | Found a sacrificial altar of Ru.
   789 | D        | Found a shadowy altar of Dithmenos.
   797 | D        | Reached skill level 14 in Long Blades
   859 | D        | Found a stormy altar of Qazlal.
   859 | D        | Found a blossoming altar of Fedhas.
   859 | D        | Found a bloodstained altar of Trog.
   859 | D        | Found an iron altar of Okawaru.
   859 | D        | Found a glowing golden altar of the Shining One.
   859 | D        | Found a glowing silver altar of Zin.
   859 | D        | Found a white marble altar of Elyvilon.
   860 | D        | Found a sparkling altar of Nemelex Xobeh.
   897 | D        | Became a worshipper of Warmaster Okawaru
   915 | D        | Noticed a hornet
   916 | D        | Paralysed by a hornet for 3 turns
   926 | D        | Killed a hornet
  1042 | D        | Noticed an oklob plant
  1049 | D        | Killed from afar by an oklob plant

Illustrated notes

Levels and vault maps discovered:
D:        dungeon_sprint_1 [red_sonja_temple_1, red_sonja_temple_small_1]

Skill      XL: |  1  2  3  4  5  6  7  8 |
---------------+-------------------------+-----
Fighting       | 5 6 7 8 10 11 | 11.4
Long Blades    | 3 6 8 9 12 13 14 | 14.6
Armour         | 5 6 8 10 11 | 11.6
Shields        | 5 6 7 8 10 11 | 11.5
Dodging        | |  0.1

Action                     |  1- 3 |  4- 6 |  7- 9 || total
---------------------------+-------+-------+-------++-------
  Melee: Long sword        |    18 |    22 |    24 ||    64
         Headbutt          |     5 |     4 |     9 ||    18
    Use: Potion            |       |     2 |     1 ||     3
 Armour: Scale mail        |    12 |    37 |    19 ||    68
  Dodge: Dodged            |     4 |    15 |     9 ||    28
  Block: Buckler           |     5 |     9 |     3 ||    17

Table legend: (Time is in decaauts)
 A = Elapsed time spent in this place.
 B = Non-inter-level travel time spent in this place.
 C = Inter-level travel time spent in this place.
 D = Time resting spent in this place.
 E = Time spent auto-exploring this place.
 F = Levels seen in this place.
 G = Mean time per level.
                   A        B        C        D        E       F      G
               +--------+--------+--------+--------+--------+-----+--------+
         Total |   1063 |   1063 |      0 |    535 |    354 |   1 | 1063.0 |
       Dungeon |   1063 |   1063 |      0 |    535 |    354 |   1 | 1063.0 |
               +--------+--------+--------+--------+--------+-----+--------+

Top non-repeatable levels by time:
       D: 1063 daAuts
